Map: Incorporeal LE

Players

Killa - Winner!

  • Race: Protoss Protoss
  • League: Master
  • Spawn Location: 5:00

SandStorm

  • Race: Protoss Protoss
  • League: Master
  • Spawn Location: 11:00

VOD

Have the link to the VOD?

Description

Time

  • Played on: May 14, 2025, 3:19 p.m.
  • Length: 11:20
Show
View Real Time Build Order
Export as new Build Order

Killa Protoss - Winner!

Build Orders: Phoenix Opening, Blink Stalkers 

Get SALT Encoding   

  12  0:00  Probe  
  13  0:12  Probe  
  14  0:17  Pylon  
  14  0:24  Probe  
  15  0:32  Probe  
  15  0:41  Probe  
  16  0:43  Gateway  
  16  0:46  Assimilator  
  17  0:53  Probe  
  17  0:55  Assimilator  
  18  1:01  Probe  
  18  1:09  Probe  
  19  1:12  Gateway  
  20  1:19  Probe  
  21  1:30  Cybernetics Core  
  21  1:32  Probe  
  22  1:36  Pylon  
  22  1:44  Probe  
  23  1:56  Probe  
  24  2:03  Stalker x2  
  24  2:06  Warp Gate  
  24  2:08  Probe  
  29  2:20  Probe  
  30  2:22  Pylon  
  30  2:28  Pylon  
  30  2:32  Probe  
  31  2:40  Sentry x2  
  31  2:44  Probe, Phoenix  
  36  2:51  Nexus  
  37  3:00  Twilight Council  
  37  3:03  Probe  
  37  3:15  Probe  
  37  3:19  Pylon  
  38  3:27  Probe  
  38  3:29  Blink  
  38  3:30  Forge  
  38  3:34  Phoenix  
  39  3:39  Probe, Protoss Ground Weapons Level 1  
  40  3:51  Probe  
  40  3:55  Stalker  
  43  3:56  Stalker  
  45  4:03  Probe x2  
  47  4:15  Probe x2  
  49  4:25  Robotics Facility  
  49  4:27  Probe x2, Stalker  
  53  4:39  Probe  
  53  4:44  Probe  
  55  4:45  Nexus  
  55  4:47  Pylon  
  55  4:53  Probe  
  55  4:56  Stalker  
  55  4:58  Stalker  
  60  5:01  Probe  
  60  5:03  Assimilator  
  60  5:04  Protoss Ground Weapons Level 2  
  60  5:05  Probe  
  62  5:13  Probe  
  63  5:15  Observer  
  64  5:23  Probe  
  64  5:28  Gateway  
  65  5:30  Probe, Gateway  
  65  5:32  Gateway  
  65  5:33  Gateway  
  65  5:35  Probe  
  67  5:36  Observer  
  68  5:43  Probe  
  68  5:47  Probe  
  68  5:49  Pylon  
  70  5:56  Pylon  
  70  5:57  Probe, Charge  
  70  6:02  Stalker x2  
  70  6:03  Probe  
  77  6:04  Probe  
  77  6:09  Probe  
  78  6:15  Probe  
  78  6:16  Probe, Observer  
  80  6:22  Probe  
  80  6:23  Nexus  
  81  6:28  Gateway  
  81  6:29  Gateway  
  81  6:30  Probe  
  81  6:31  Probe  
  83  6:38  Probe  
  84  6:41  Pylon  
  84  6:44  Probe  
  85  6:48  Gateway  
  85  6:49  Gateway  
  85  6:52  Stalker x2, Shield Battery  
  89  6:54  Probe x2  
  89  6:58  Pylon  
  91  7:01  Stalker x2  
  91  7:02  Warp Prism  
  91  7:03  Protoss Ground Armor Level 1  
  91  7:04  Probe  
  91  7:06  Probe  
  91  7:07  Stalker  
  101  7:17  Pylon  
  101  7:21  Probe x3  
  104  7:32  Stalker x4  
  104  7:33  Probe  
  104  7:36  Pylon  
  113  7:43  Stalker x2  
  117  8:00  Zealot x8  
  117  8:04  Shield Battery  
  133  8:17  Pylon  
  133  8:19  Pylon  
  133  8:32  Zealot x7  
  147  8:43  Zealot x3  
  133  8:58  Zealot x7  
  131  9:14  Stalker x2  
  131  9:15  Stalker  
  129  9:18  Shield Battery  
  129  9:20  Photon Cannon  
  129  9:21  Stalker x4  
  129  9:23  Photon Cannon x2  
  135  9:25  Photon Cannon  
  135  9:26  Zealot x3  
  135  9:28  Photon Cannon  
  139  9:42  Zealot x3  
  139  9:44  Pylon  
  145  9:47  Pylon  
  145  9:59  Zealot  
  139  10:00  Zealot  
  141  10:07  Nexus, Zealot x8  
  141  10:09  Forge, Pylon  
  141  10:13  Pylon  
  155  10:32  Pylon  
  155  10:33  Pylon  
  137  10:46  Zealot x7  
  137  10:47  Zealot x3  
Show
View Real Time Build Order
Export as new Build Order

SandStorm Protoss 

Build Orders: Phoenix Opening, Archon Immortal 

Get SALT Encoding   

  12  0:00  Probe  
  13  0:13  Probe  
  14  0:19  Pylon  
  14  0:23  Probe  
  15  0:33  Probe  
  15  0:38  Gateway  
  15  0:42  Probe  
  16  0:47  Assimilator  
  17  0:54  Probe  
  17  0:56  Assimilator  
  18  1:06  Probe  
  19  1:19  Probe, Gateway  
  20  1:25  Cybernetics Core  
  20  1:31  Probe  
  21  1:43  Probe  
  21  1:44  Pylon  
  22  1:55  Probe  
  23  2:05  Stalker  
  23  2:07  Probe, Sentry  
  28  2:08  Warp Gate  
  28  2:09  Phoenix  
  28  2:19  Probe  
  29  2:29  Pylon  
  29  2:31  Probe  
  30  2:39  Stalker  
  31  2:47  Probe, Sentry  
  31  2:50  Phoenix  
  34  2:51  Nexus  
  34  3:00  Probe  
  35  3:05  Robotics Facility  
  35  3:10  Pylon  
  35  3:12  Probe  
  36  3:24  Probe  
  36  3:25  Pylon  
  36  3:26  Stalker  
  37  3:30  Sentry  
  37  3:33  Probe  
  42  3:41  Probe  
  42  3:44  Immortal  
  43  3:50  Probe  
  48  4:00  Probe  
  49  4:02  Probe  
  49  4:08  Probe, Phoenix  
  50  4:10  Stalker  
  50  4:14  Probe  
  54  4:17  Stalker  
  54  4:18  Probe  
  54  4:22  Immortal  
  61  4:36  Probe  
  62  4:38  Pylon  
  62  4:42  Probe  
  62  4:45  Phoenix  
  63  4:48  Probe  
  64  4:53  Assimilator  
  64  4:54  Probe  
  65  5:00  Probe  
  65  5:03  Pylon  
  65  5:06  Forge, Nexus  
  66  5:08  Probe  
  66  5:13  Probe  
  68  5:15  Stalker  
  68  5:17  Zealot  
  68  5:19  Protoss Ground Weapons Level 1  
  68  5:20  Probe  
  73  5:26  Probe  
  74  5:30  Pylon  
  74  5:32  Immortal  
  74  5:35  Probe  
  79  5:39  Probe  
  80  5:43  Twilight Council  
  80  5:47  Probe  
  81  5:51  Gateway  
  81  5:53  Probe  
  81  5:54  Gateway  
  82  5:59  Probe  
  83  6:05  Probe, Gateway, Charge  
  83  6:10  Observer  
  83  6:11  Probe, Gateway  
  86  6:17  Probe  
  87  6:21  Probe  
  87  6:23  Zealot x2  
  92  6:26  Gateway  
  92  6:29  Gateway  
  92  6:31  Probe  
  93  6:34  Probe  
  93  6:35  Probe  
  95  6:43  Probe  
  95  6:46  Probe  
  97  6:47  Probe  
  97  6:48  Templar Archives  
  97  6:53  Zealot x3  
  104  6:55  Probe, Zealot  
  104  6:58  Probe  
  104  6:59  Probe  
  109  7:04  Pylon  
  109  7:06  Pylon  
  109  7:08  Pylon x2  
  109  7:11  Protoss Ground Weapons Level 2  
  109  7:13  Probe  
  109  7:14  Immortal  
  109  7:20  Shield Battery  
  109  7:22  Probe  
  114  7:30  Zealot x7  
  114  7:31  Zealot  
  114  7:33  Probe  
  131  7:39  Probe x2  
  133  7:54  High Templar x4  
  133  7:57  Pylon  
  133  7:58  Archon x2  
  141  8:00  Pylon  
  141  8:03  Nexus  
  139  8:09  Zealot  
  139  8:11  Pylon  
  141  8:13  Pylon  
  141  8:14  Photon Cannon  
  141  8:15  Shield Battery  
  141  8:23  Pylon  
  141  8:25  Zealot x3  
  147  8:27  Zealot x3  
  147  8:28  Shield Battery  
  147  8:29  Photon Cannon  
  153  8:34  Assimilator  
  153  8:39  Zealot x2  
  156  8:45  Zealot  
  156  8:46  Zealot x2  
  142  8:54  Zealot  
  142  8:55  Zealot x2  
  112  9:02  Zealot x2  
  112  9:09  Zealot x3  
  114  9:11  Probe x2  
  106  9:19  Probe  
  106  9:23  Probe  
  104  9:26  Pylon, High Templar x2  
  104  9:30  Photon Cannon  
  105  9:31  Archon  
  105  9:32  Shield Battery  
  103  9:43  Gateway  
  103  9:44  Gateway  
  103  9:47  Gateway x2  
  93  10:01  Zealot x2  
  93  10:05  Probe x2  
  100  10:07  Probe  
  100  10:13  Forge  
  100  10:15  Forge  
  100  10:17  Probe x2, Cybernetics Core  
  100  10:19  Probe  
  103  10:22  Nexus  
  101  10:29  Probe, Gateway  
  101  10:30  Probe  
  101  10:31  Probe  
  101  10:32  Gateway  
  101  10:34  Assimilator  
  97  10:41  Probe, Zealot x2  
  102  10:42  Zealot  
  102  10:43  Zealot  
  102  10:47  Nexus  
  90  11:06  Zealot  
  90  11:09  High Templar x2  
  82  11:13  Archon  
Tags
 
Add a new tag
Caveats
  • Supply blocks, unpowered buildings, or Contaminate may cause inaccurate times.
  • Supply counts are checked every 10 seconds.